 Dungeon Sprint DCSS version 0.29.1-14-g9c671dbff4 (webtiles) character file.

Game seed: 11716226610148631763

10200000 Groucho the Intangible (level 27, -13/228 HPs)
             Began as a Djinni Warper on Feb 18, 2023.
             Was the Champion of Makhleb.
             Killed from afar by an observer (18 damage)
             ... with a fireball
             ... in the Dungeon (Sprint VIII: "Arena of Blood").
             The game lasted 00:04:24 (102 turns).

Groucho the Intangible (Djinni Warper)               Turns: 102, Time: 00:04:24

Health: -13/228    AC:  6    Str: 10    XL:     27
Gold:   0          EV: 37    Int: 16    God:    Makhleb [******] SH:  0 Dex: 26

rFire   + + .      SeeInvis .   i - +∞ Axe of Woe
rCold   x . .      Faith    .   (shield currently unavailable)
rNeg    . . .      Spirit   .   b - +0 leather armour
rPois   ∞          Reflect  .   (no helmet)
rElec   .          Harm     .   (no cloak)
rCorr   .          Rampage  .   (no gloves)
Will    ++...      NoTele   +   (boots unavailable)
Stlth   ++++++++++              (no amulet)
HPRegen 0.48/turn               j - +30 ring of slaying
MPRegen 0.00/turn               (no ring)

@: flying
A: sickness immunity, fire resistance 2, cold vulnerability 1, float, innate
caster, HP casting, extra vitality 1
a: Renounce Religion, Minor Destruction, Lesser Servant of Makhleb, Major
Destruction, Greater Servant of Makhleb


You were in the Dungeon.
You worshipped Makhleb.
Makhleb was exalted by your worship.
You visited 1 branch

Inventory:

Hand Weapons
 a - a +0 hand axe
 i - the +∞ Axe of Woe (weapon)
   (You found it in the Dungeon)
Missiles
 d - 7 boomerangs of dispersal (quivered)
Armour
 b - a +0 leather armour (worn)
Jewellery
 j - a +30 ring of slaying (left hand)
Scrolls
 c - 2 scrolls of blinking
Potions
 g - a potion of haste
 h - a potion of berserk rage


   Skills:
 O Level 27 Fighting
 O Level 27 Short Blades
 O Level 27 Long Blades
 O Level 27 Axes
 O Level 27 Maces & Flails
 O Level 27 Polearms
 O Level 27 Staves
 O Level 27 Ranged Weapons
 O Level 27 Throwing
 O Level 27 Armour
 O Level 27 Dodging
 O Level 27 Stealth
 O Level 27 Shields
 O Level 27 Unarmed Combat
 O Level 27 Spellcasting
 O Level 27 Invocations
 O Level 27 Evocations


You couldn't memorise any spells.
You knew the following spells:

 Your Spells              Type           Power      Damage    Failure   Level
a - Blink                 Tloc           100%       N/A       0%          2
b - Lesser Beckoning      Tloc           82%        N/A       0%          3
c - Gell's Gravitas       Tloc           82%        N/A       0%          3
d - Teleport Other        Tloc           82%        N/A       0%          3
e - Manifold Assault      Tloc           82%        N/A       0%          5
f - Magic Dart            Conj           100%       1d8       0%          1
g - Ensorcelled Hibernat  Hex/Ice        100%       N/A       0%          2
h - Searing Ray           Conj           100%       2d8       0%          2
i - Fulminant Prism       Conj/Hex       41%        3d20      0%          4
j - Iskenderun's Battles  Conj           82%        2d13      0%          5
k - Alistair's Intoxicat  Tmut/Pois      54%        N/A       0%          5
l - Summon Cactus Giant   Summ           41%        N/A       0%          6
m - Iron Shot             Conj/Erth      41%        9d8       0%          6
n - Ozocubu's Refrigerat  Ice            41%        4d16      1%          7
o - Malign Gateway        Summ/Tloc      41%        N/A       1%          7
p - Spellforged Servitor  Conj/Summ      41%        N/A       1%          7
q - Lehudib's Crystal Sp  Conj/Erth      41%        10d10     1%          8
r - Fire Storm            Conj/Fire      41%        8d10      2%          9
Your spell library was empty.

Dungeon Overview and Level Annotations

Branches:
Dungeon (1/1)

Altars:
Makhleb


Innate Abilities, Weirdness & Mutations

You are immune to sickness and miasma.
You are immune to poison.
Your flesh is very heat resistant. (rF++)
You are vulnerable to cold. (rC-)
You float through the air rather than walking.
You learn spells naturally, not from books.
Your magical power is your life essence.
You have superior vitality. (+4 MHP)


Message History

* * * LOW HITPOINT WARNING * * *
The bag of meat convulses!
The meat berserker convulses!
You hear a shout! x2
A bag of meat comes into view. It is wielding a +9 war axe.
You hear a shout! x2
A meat berserker comes into view. It is wielding a +9 battleaxe.
Unknown command.
The bag of meat shouts!
You slice the tyrant!! You chop the tyrant into pieces.
You destroy the tyrant!
Makhleb accepts your kill.
You feel better.
The large abomination disappears in a puff of smoke! x3
You hear a shout! x5
The dread calls on the powers of darkness!
Your body is wracked with pain!
* * * LOW HITPOINT WARNING * * *
The meat berserker convulses!
The bag of meat convulses!
The accursed gestures at you while chanting.
Something smites you!
* * * LOW HITPOINT WARNING * * *
You hear a shout! x2
A bag of meat comes into view. It is wielding a +9 war axe.
You hear a shout! x2
A meat berserker comes into view. It is wielding a +9 battleaxe.
You hear a shout! x2; The bag of meat shouts!
You cannot train any new skills!
Okay, then.
You hear a shout!
You hear a roar!
You hear a shout! x15
Unknown command.
Unknown command.
Unknown command.
You hear a shout! x4
A meat berserker comes into view. It is wielding a +9 battleaxe.
You hear a shout! x2; You feel something staring at you.
A fireball appears from out of thin air!
The fireball explodes!
Deactivating autopickup; reactivate with Ctrl-A.
The fireball engulfs you!! You resist.
You die...

....... ..... ..
#o... .# .. #...
..# ...###...
..###.
........###......
#...{...)_......
#)))).# #_O@)_#
#)))).#
M§.☼.W§)_o.o...
...§o.§###...O.O
..###... V.###O .
#... ..# #... .#
..... .. ....


You could see a destroyer, a dread, 4 meat berserkers and 4 bags of meat.

Vanquished Creatures
  8 hell beasts (D)
  A royal mummy (D)
  3 wraiths (D)
  10 vampire knights (D)
  27 ogres (D)
  4 two-headed ogres (D)
  3 liches (D)
  A hydra (D)
  2 phantoms (D)
  39 orcs (D)
  3 skeletal warriors (D)
101 creatures vanquished.

Vanquished Creatures (others)
  A two-headed ogre (D)
  2 orcs (D)
3 creatures vanquished.

Grand Total: 104 creatures vanquished

Notes
Turn   | Place    | Note
-------+----------+-------------------------------------------
     0 | D        | Found the +∞ Axe of Woe
     0 | D        | Groucho the Djinni Warper began the quest for the Orb.
     0 | D        | Groucho set off with the following spells memorised: Blink,
                  | Lesser Beckoning, Gell's Gravitas, Teleport Other, Manifold
                  | Assault.
     0 | D        | Reached XP level 1. HP: 18/18 MP: 0/0
     0 | D        | Noticed a meat berserker
     4 | D        | Became a worshipper of Makhleb the Destroyer
     5 | D        | Killed a meat berserker
     5 | D        | Noticed a bag of meat
     6 | D        | Reached XP level 2. HP: 23/23 MP: 0/0
     6 | D        | Reached XP level 3. HP: 28/28 MP: 0/0
     6 | D        | Learned a level 1 spell: Magic Dart
     6 | D        | Reached XP level 4. HP: 33/33 MP: 0/0
     6 | D        | Reached XP level 5. HP: 38/38 MP: 0/0
     6 | D        | Learned a level 2 spell: Ensorcelled Hibernation
     6 | D        | Reached XP level 6. HP: 43/43 MP: 0/0
     6 | D        | Reached XP level 7. HP: 49/49 MP: 0/0
     6 | D        | Learned a level 2 spell: Searing Ray
     6 | D        | Reached XP level 8. HP: 54/54 MP: 0/0
     6 | D        | Reached XP level 9. HP: 58/58 MP: 0/0
     6 | D        | Learned a level 4 spell: Fulminant Prism
     6 | D        | Reached XP level 10. HP: 64/64 MP: 0/0
     6 | D        | Reached XP level 11. HP: 68/68 MP: 0/0
     6 | D        | Learned a level 5 spell: Iskenderun's Battlesphere
     6 | D        | Reached XP level 12. HP: 74/74 MP: 0/0
     6 | D        | Noticed a bag of meat
     6 | D        | Noticed a bag of meat
     6 | D        | Noticed a bag of meat
     7 | D        | Noticed a meat berserker
     7 | D        | Noticed a bag of meat
     8 | D        | Noticed a bag of meat
     8 | D        | Noticed a bag of meat
     9 | D        | Killed a bag of meat
     9 | D        | Reached * piety under Makhleb
     9 | D        | Killed a meat berserker
     9 | D        | Noticed a meat berserker
    10 | D        | Reached skill level 15 in Axes
    10 | D        | Reached skill level 15 in Throwing
    10 | D        | Reached XP level 13. HP: 78/78 MP: 0/0
    10 | D        | Learned a level 5 spell: Alistair's Intoxication
    10 | D        | Reached XP level 14. HP: 85/85 MP: 0/0
    10 | D        | Killed a bag of meat
    10 | D        | Noticed a bag of meat
    11 | D        | Reached skill level 15 in Spellcasting
    11 | D        | Noticed a bag of meat
    11 | D        | Noticed a meat berserker
    11 | D        | Noticed a bag of meat
    12 | D        | Killed a meat berserker
    12 | D        | Reached ** piety under Makhleb
    12 | D        | Killed a meat berserker
    12 | D        | Noticed a bag of meat
    12 | D        | Noticed a bag of meat
    13 | D        | Reached XP level 15. HP: 89/89 MP: 0/0
    13 | D        | Learned a level 6 spell: Summon Cactus Giant
    13 | D        | Noticed a meat berserker
    14 | D        | Reached *** piety under Makhleb
    15 | D        | Reached XP level 16. HP: 94/94 MP: 0/0
    15 | D        | Noticed a meat berserker
    16 | D        | Reached **** piety under Makhleb
    17 | D        | Noticed a meat berserker
    18 | D        | Reached skill level 27 in Dodging
    18 | D        | Reached XP level 17. HP: 99/99 MP: 0/0
    18 | D        | Learned a level 6 spell: Iron Shot
    19 | D        | Killed a meat berserker
    19 | D        | Noticed a large bag of meat
    20 | D        | Killed a meat berserker
    20 | D        | Reached ***** piety under Makhleb
    21 | D        | Reached XP level 18. HP: 104/104 MP: 0/0
    24 | D        | Noticed a destroyer
    26 | D        | Reached skill level 10 in Armour
    26 | D        | Killed a meat berserker
    27 | D        | Reached skill level 27 in Axes
    27 | D        | Reached XP level 19. HP: 141/141 MP: 0/0
    27 | D        | Learned a level 7 spell: Ozocubu's Refrigeration
    27 | D        | Reached ****** piety under Makhleb
    27 | D        | Killed a large bag of meat
    29 | D        | Killed a destroyer
    30 | D        | Reached XP level 20. HP: 171/173 MP: 0/0
    33 | D        | Noticed a destroyer
    36 | D        | Reached skill level 27 in Armour
    36 | D        | Noticed a large bag of meat
    38 | D        | Killed a destroyer
    38 | D        | Noticed a meat berserker
    39 | D        | Reached skill level 27 in Fighting
    39 | D        | Killed a large bag of meat
    39 | D        | Noticed a meat berserker
    40 | D        | Reached skill level 27 in Spellcasting
    40 | D        | Reached XP level 21. HP: 168/187 MP: 0/0
    40 | D        | Learned a level 7 spell: Malign Gateway
    40 | D        | Noticed a destroyer
    43 | D        | Noticed a meat berserker
    44 | D        | Killed a destroyer
    44 | D        | Killed a meat berserker
    46 | D        | Killed a meat berserker
    46 | D        | Noticed a destroyer
    47 | D        | Reached skill level 15 in Invocations
    47 | D        | Reached skill level 15 in Evocations
    47 | D        | Reached XP level 22. HP: 194/194 MP: 0/0
    48 | D        | Killed a destroyer
    49 | D        | Reached skill level 15 in Maces & Flails
    49 | D        | Reached skill level 15 in Polearms
    49 | D        | Killed a meat berserker
    52 | D        | Noticed a meat berserker
    58 | D        | Killed a meat berserker
    60 | D        | Noticed a meat beast
    62 | D        | Killed a meat beast
    63 | D        | Reached XP level 23. HP: 145/201 MP: 0/0
    63 | D        | Learned a level 7 spell: Spellforged Servitor
    63 | D        | Noticed a destroyer
    65 | D        | Noticed a large bag of meat
    65 | D        | Noticed a destroyer
    66 | D        | Killed a destroyer
    67 | D        | Reached XP level 24. HP: 192/208 MP: 0/0
    68 | D        | Noticed a meat beast
    69 | D        | Reached skill level 27 in Invocations
    69 | D        | Reached skill level 27 in Evocations
    69 | D        | Noticed a dread
    70 | D        | Noticed a large bag of meat
    70 | D        | Noticed a tyrant
    71 | D        | Killed a meat beast
    71 | D        | Noticed a destroyer
    72 | D        | Reached skill level 27 in Maces & Flails
    72 | D        | Reached skill level 27 in Polearms
    72 | D        | Reached XP level 25. HP: 214/214 MP: 0/0
    72 | D        | Learned a level 8 spell: Lehudib's Crystal Spear
    73 | D        | Noticed a meat beast
    73 | D        | Noticed a destroyer
    74 | D        | Reached skill level 15 in Unarmed Combat
    74 | D        | Killed a destroyer
    75 | D        | Reached skill level 15 in Ranged Weapons
    75 | D        | Noticed a tyrant
    75 | D        | Noticed a meat beast
    75 | D        | Noticed a dread
    76 | D        | Noticed a meat beast
    76 | D        | Noticed a dread
    77 | D        | Reached XP level 26. HP: 112/221 MP: 0/0
    77 | D        | Killed a meat beast
    77 | D        | Killed a large bag of meat
    77 | D        | Noticed a meat beast
    77 | D        | Noticed a meat beast
    78 | D        | Reached XP level 27. HP: 81/228 MP: 0/0
    78 | D        | Learned a level 9 spell: Fire Storm
    78 | D        | Killed a meat beast
    78 | D        | Noticed a large bag of meat
    78 | D        | Noticed a meat beast
    79 | D        | Reached skill level 27 in Unarmed Combat
    79 | D        | Killed a meat beast
    79 | D        | Noticed a destroyer
    80 | D        | Reached skill level 27 in Short Blades
    80 | D        | Reached skill level 27 in Long Blades
    80 | D        | Reached skill level 27 in Staves
    80 | D        | Reached skill level 27 in Ranged Weapons
    80 | D        | Killed a meat beast
    80 | D        | Killed a destroyer
    80 | D        | Noticed an accursed
    80 | D        | Noticed a dread
    81 | D        | Reached skill level 27 in Throwing
    81 | D        | Killed a meat beast
    81 | D        | Killed a dread
    82 | D        | Reached skill level 27 in Stealth
    82 | D        | Reached skill level 27 in Shields
    82 | D        | Killed a meat beast
    85 | D        | Killed a tyrant
    85 | D        | Killed a large bag of meat
    85 | D        | Noticed a destroyer
    86 | D        | Noticed a large bag of meat
    87 | D        | Killed a destroyer
    89 | D        | Killed a tyrant
    90 | D        | Noticed a tyrant
    91 | D        | Killed a dread
    91 | D        | Killed a large bag of meat
    93 | D        | Killed a dread
    94 | D        | Killed an accursed
    94 | D        | Killed a destroyer
    96 | D        | HP: 11/228 [??? (8)]
    96 | D        | Noticed an accursed
    97 | D        | Killed a destroyer
    98 | D        | Noticed a destroyer
    98 | D        | Noticed a meat beast
    98 | D        | Noticed a destroyer
   100 | D        | Killed a tyrant
   100 | D        | HP: 4/228 [accursed/divine providence (13)]
   102 | D        | Killed from afar by an observer

Illustrated notes

Levels and vault maps discovered:
D:        meatsprint

Skill      XL: |  1  2  3  4  5  6  7  8  9 10 11 12 13 14 15 16 17 18 19 20 21 22 23 24 25 26 27 |
---------------+----------------------------------------------------------------------------------+-----
Axes           | 13 15 18 20 21 24 27 | 27.0
Throwing       | 12 15 18 19 21 23 27 | 27.0
Dodging        | 16 20 23 25 27 | 27.0
Spellcasting   | 12 14 17 18 20 22 27 | 27.0
Fighting       | 14 24 27 | 27.0
Armour         | 14 24 27 | 27.0
Maces & Flails | 3 13 21 22 27 | 27.0
Polearms       | 3 13 21 22 27 | 27.0
Invocations    | 3 15 25 26 27 | 27.0
Evocations     | 3 15 25 26 27 | 27.0
Short Blades   | 12 19 23 27 | 27.0
Long Blades    | 12 19 23 27 | 27.0
Staves         | 12 19 23 27 | 27.0
Ranged Weapons | 11 18 21 27 | 27.0
Unarmed Combat | 13 21 25 27 | 27.0
Stealth        | 27 | 27.0
Shields        | 27 | 27.0

Action                   |  1- 3 |  4- 6 |  7- 9 | 10-12 | 13-15 | 16-18 | 19-21 | 22-24 | 25-27 || total
-------------------------+-------+-------+-------+-------+-------+-------+-------+-------+-------++-------
Melee: Executioner's axe |     1 |       |       |     1 |     4 |     9 |    10 |    10 |    23 ||    58
  Use: Potion            |       |       |       |       |       |       |       |       |     2 ||     2
Armor: Leather armour    |       |       |       |       |       |       |       |     1 |     1 ||     2
Dodge: Dodged            |       |       |       |       |       |       |       |     1 |     3 ||     4
